 Dungeon Crawl Stone Soup version 0.20-a0-345-gbfb25ec (webtiles) character file.

1271 snakesoul the Slasher (level 8, -4/63 (64) HPs)
             Began as a Demonspawn Fighter on Dec 22, 2016.
             Was a Follower of Cheibriados.
             Killed from afar by an electric eel (7 damage)
             ... with a bolt of electricity
             ... on level 6 of the Dungeon.
             The game lasted 00:08:05 (5535 turns).

snakesoul the Slasher (Demonspawn Fighter)          Turns: 5535, Time: 00:08:06

HP:   -4/63 (64)    AC: 11    Str: 19    XL:     8   Next: 28%
MP:   8/8           EV:  5    Int: 13    God:    Cheibriados [*.....]
Gold: 284           SH: 10    Dex: 18    Spells: 7/7 levels left

rFire  . . .     SeeInvis .     a - +0 long sword
rCold  . . .     Gourm    .     p - +2 chain mail {rPois}
rNeg   . . .     Faith    .     c - +0 shield
rPois  +         Spirit   .     (helmet restricted)
rElec  .         Reflect  .     (no cloak)
rCorr  .         Harm     .     w - +0 pair of gloves
MR     .....                    (no boots)
Stlth  ..........               (no amulet)
                                (no ring)
                                u - ring of wizardry

@: drained, very slow
A: horns 2, demonic guardian 1, spiny 1
a: Bend Time, Renounce Religion


You were on level 6 of the Dungeon.
You worshipped Cheibriados.
Cheibriados was aware of your devotion.
You were not hungry.

You visited 2 branches of the dungeon, and saw 7 of its levels.

You collected 284 gold pieces.

Inventory:

Hand Weapons
 a - a +0 long sword (weapon)
Armour
 c - a +0 shield (worn)
 p - a +2 chain mail of poison resistance (worn)
 w - a +0 pair of gloves (worn)
Jewellery
 u - a ring of wizardry (left hand)
 y - a cursed ring of loudness {unknown}
 z - an uncursed ring of protection from magic {unknown}
Scrolls
 b - a scroll of noise {unknown}
 h - a scroll of magic mapping {unknown}
 i - a scroll of fear {unknown}
 k - 4 scrolls of amnesia {unknown}
 l - 3 scrolls of teleportation {unknown}
 m - 3 scrolls of identify {unknown}
 o - 2 scrolls of recharging {unknown}
 q - a scroll of enchant armour {unknown}
 A - 2 scrolls of remove curse {unknown}
Potions
 d - 2 potions of might
 e - a potion of berserk rage {unknown}
 j - 3 potions of flight {unknown}
 r - a potion of curing {unknown}
 s - a potion of haste {unknown}
 v - a potion of mutation {unknown}
 x - a potion of agility {unknown}
 B - a potion of lignification {unknown}
Comestibles
 f - 4 bread rations
 g - 4 meat rations
 t - 2 slices of pizza


   Skills:
 + Level 5.6(5.2) Fighting
 * Level 6.6(6.1) Long Blades
 - Level 2.6(2.2) Armour
 + Level 5.5(5.0) Shields


You had 7 spell levels left.
You didn't know any spells.

Dungeon Overview and Level Annotations

Branches:
Dungeon (6/15)             Temple (1/1) D:5

Altars:
Ashenzari
Cheibriados
Dithmenos
Fedhas
Gozag
Hepliaklqana
Kikubaaqudgha
Nemelex Xobeh
Okawaru
Qazlal
Sif Muna
Uskayaw
Xom
Yredelemnul

Shops:
D:5 :


Innate Abilities, Weirdness & Mutations

You have a pair of horns on your head.
A weak demonic guardian rushes to your aid.
You are partially covered in sharp spines.


Message History

Unknown command.
You are too injured to fight recklessly!
You closely miss the electric eel. You headbutt the electric eel!
The electric eel is severely wounded.
The electric eel shoots out a bolt of lightning at you!
The bolt of electricity hits the plant.
The bolt of electricity hits the electric eel.
The electric eel completely resists.
The bolt of electricity hits you!
* * * LOW HITPOINT WARNING * * *
The electric eel shoots out a bolt of lightning at your shadow imp!
The bolt of electricity hits your shadow imp. x2
Your shadow imp dies!
The bolt of electricity hits the electric eel.
The electric eel completely resists.
Unknown command.
The electric eel shoots out a bolt of lightning at you!
The bolt of electricity hits you!
* * * LOW HITPOINT WARNING * * *
The bolt of electricity hits you!
You die...

##......♣♣≈≈≈≈≈≈..≈≈♣
#.......♣≈≈P≈;≈...≈≈♣♣
#.#.)...♣ ≈≈≈≈≈≈..≈≈≈♣ #
# #.....♣≈≈P≈P≈...P≈≈♣
.## #...)..P≈≈≈≈P..≈≈≈♣
.... ###.######♣≈...≈≈♣
....####z#######♣;..P♣P#
.##...#..##....##)..≈≈#
........###....)@.).≈♣#
.###...####....##...##
###.........######
#..........#
#.#####....# #. #>)..#
#. #....# #. #...<# #.
#....#


You could see an electric eel.

Vanquished Creatures
  A sky beast (D:5)
  A phantom (D:5)
  A necrophage (D:6)
  An ogre (D:5)
  A bullfrog (D:6)
  A scorpion (D:5)
  4 wights (D:6)
  2 howler monkeys
  2 hounds (D:4)
  A jelly (D:5)
  A bullfrog skeleton (D:4)
  3 worker ants
  2 orc wizards
  Ijyb (D:2)
  Terence (D:2)
  6 gnolls
  9 adders
  An adder zombie (D:5)
  5 worms
  2 dart slugs
  6 leopard geckos
  10 orcs
  A ball python (D:2)
  5 bats
  8 giant cockroaches
  11 goblins
  9 hobgoblins
  15 jackals
  10 kobolds
  3 quokkas
  4 frilled lizards
  A quokka skeleton (D:4)
  9 rats
138 creatures vanquished.

Vanquished Creatures (collateral kills)
  An ogre (D:4)
1 creature vanquished.

Vanquished Creatures (others)
  2 plants (D:6)
2 creatures vanquished.

Grand Total: 141 creatures vanquished

Notes
Turn   | Place    | Note
-------+----------+-------------------------------------------
     0 | D:1      | snakesoul the Demonspawn Fighter began the quest for the Orb.
     0 | D:1      | Reached XP level 1. HP: 18/18 MP: 1/1
    96 | D:1      | Reached skill level 2 in Long Blades
   137 | D:1      | Gained mutation: You have a pair of small horns on your head. [demonic ancestry]
   137 | D:1      | Reached XP level 2. HP: 24/24 MP: 2/2
   575 | D:1      | Gained mutation: A weak demonic guardian rushes to your aid. [demonic ancestry]
   575 | D:1      | Reached XP level 3. HP: 14/29 MP: 3/3
  1060 | D:2      | Noticed Ijyb
  1066 | D:2      | Killed Ijyb
  1066 | D:2      | Reached skill level 3 in Long Blades
  1202 | D:2      | Reached XP level 4. HP: 28/35 MP: 4/4
  1586 | D:2      | Found a deep blue altar of Sif Muna.
  1753 | D:2      | Noticed Terence
  1767 | D:2      | Killed Terence
  2017 | D:2      | Gained mutation: You have a pair of horns on your head. [demonic ancestry]
  2017 | D:2      | Reached XP level 5. HP: 32/42 MP: 5/5
  2514 | D:3      | Found a basalt altar of Yredelemnul.
  2723 | D:3      | Reached skill level 4 in Long Blades
  2857 | D:3      | Found a stormy altar of Qazlal.
  2974 | D:4      | Reached XP level 6. HP: 48/48 MP: 6/6
  3073 | D:4      | Found a blossoming altar of Fedhas.
  3073 | D:4      | Found an ancient bone altar of Kikubaaqudgha.
  3650 | D:5      | Entered Level 5 of the Dungeon
  3697 | D:5      | Found a sparkling altar of Nemelex Xobeh.
  3731 | D:5      | Reached skill level 5 in Long Blades
  3731 | D:5      | Gained mutation: You are partially covered in sharp spines. [demonic ancestry]
  3731 | D:5      | Reached XP level 7. HP: 48/55 MP: 7/7
  3931 | D:5      | Found a staircase to the Ecumenical Temple.
  3968 | Temple   | Entered the Ecumenical Temple
  4085 | Temple   | Became a worshipper of Cheibriados the Contemplative
  4185 | D:5      | Found Yroekhly's Book Boutique.
  4226 | D:5      | Reached skill level 5 in Fighting
  4321 | D:5      | Reached skill level 5 in Shields
  4636 | D:5      | Found a sparkling altar of Nemelex Xobeh.
  4683 | D:5      | Found an iron altar of Okawaru.
  4723 | D:5      | Reached * piety under Cheibriados
  4728 | D:5      | Reached skill level 6 in Long Blades
  4933 | D:6      | Reached XP level 8. HP: 58/62 MP: 8/8
  5535 | D:6      | HP: 3/63 [electric eel/bolt of electricity (10)]
  5535 | D:6      | Killed from afar by an electric eel

Vault maps used:
D:1:      arrival_zaba_pyramid
D:2:      lemuel_blue_sif_altar, uniq_terence, uniq_iyjb
D:3:      grunt_qazlal_clouds, lemuel_round_altar, kennysheep_generic_room_5
D:4:      grunt_temple_overflow_growth_and_decay
D:5:      marbit_many_paths, first_bread, serial_shops, nicolae_shop_waterfront,
          basic_altar, lemuel_tele_altar
D:6:      old_standard_altar, lemuel_round_altar, serial_bayou_ford_a,
          uniq_grinder
Temple:   nicolae_temple_figure_eight

Skill      XL: |  1  2  3  4  5  6  7 |
---------------+----------------------+-----
Long Blades    | 2 3 4 5 6 |  6.6
Shields        | 3 4 5 |  5.5
Fighting       | 4 5 |  5.6
Armour         | |  2.6

Action                   |  1- 3 |  4- 6 |  7- 9 || total
-------------------------+-------+-------+-------++-------
Melee: Long sword        |   107 |   249 |   108 ||   464
       Headbutt          |    16 |    50 |    21 ||    87
  Eat: Chunk             |     1 |     9 |     4 ||    14
Armor: Scale mail        |    34 |       |       ||    34
       Chain mail        |       |   187 |    35 ||   222
Dodge: Dodged            |    26 |    52 |    17 ||    95
Block: Shield            |    45 |   121 |    37 ||   203
       Rpst.: Long sword |     9 |    14 |     3 ||    26
